 Dungeon Crawl Stone Soup version 0.29.1-15-g9cfb28693d (webtiles) character file.

Game seed: 14947063954519611344

30 H0rd4k the Charlatan (level 3, 0/24 HPs)
             Began as an Octopode Artificer on Mar 14, 2023.
             Slain by a jackal (2 damage)
             ... on level 1 of the Dungeon.
             The game lasted 00:01:06 (1329 turns).

H0rd4k the Charlatan (Octopode Artificer)           Turns: 1329, Time: 00:01:07

Health: 0/24       AC:  1    Str: 11    XL:     3   Next: 18%
Magic:  5/5        EV: 13    Int: 15    God:
Gold:   30         SH:  0    Dex: 12    Spells: 4/4 levels left

rFire   . . .      SeeInvis .     - Unarmed
rCold   . . .      Faith    .   (no shield)
rNeg    . . .      Spirit   .   (helmet restricted)
rPois   .          Reflect  .   (no amulet)
rElec   .          Harm     .   (no ring)
rCorr   .          Rampage  .   (no ring)
Will    .....                   (no ring)
Stlth   +++.......              (no ring)
HPRegen 0.08/turn               (no ring)
MPRegen 0.09/turn               (no ring)
                                (no ring)
                                (no ring)

@: no status effects
A: almost no armour, amphibious, 8 rings, camouflage 1, gelatinous body 1,
(nimble swimmer 1), tentacles
a: no special abilities


You were on level 1 of the Dungeon.
You visited 1 branch of the dungeon, and saw 1 of its levels.

You collected 30 gold pieces.

Inventory:

Wands
 b - a wand of flame (15) (quivered)
 c - a wand of charming (15)
 d - a wand of iceblast (5)
Scrolls
 f - a scroll of amnesia {unknown}
Potions
 a - a potion of heal wounds {unknown}
 e - a potion of berserk rage {unknown}
 g - a potion of brilliance {unknown}
 h - a potion of curing {unknown}
 i - a potion of degeneration {unknown}
 j - a potion of resistance {unknown}


   Skills:
 * Level 2.0 Fighting
 - Level 2.3 Dodging
 - Level 1.3 Stealth
 + Level 1.0 Unarmed Combat
 * Level 1.4 Spellcasting
 - Level 3.2 Evocations


You had 4 spell levels left.
You didn't know any spells.
Your spell library was empty.

Dungeon Overview and Level Annotations

Branches:
Dungeon (1/15)

Altars:


Innate Abilities, Weirdness & Mutations

You cannot wear most types of armour.
You are amphibious.
You can wear up to eight rings at the same time.
Your skin changes colour to match your surroundings (Stealth+).
Your rubbery body absorbs attacks. (AC +1, EV +1)
((You are camouflaged when in or above water. (Stealth+)))
You have tentacles for arms and can constrict up to eight enemies at once.


Message History

You tentacle-slap the jackal but do no damage.
Your grab misses the jackal.
The jackal is heavily wounded.
The jackal bites you. The jackal barely misses you.
You tentacle-slap the jackal but do no damage.
Your grab misses the jackal.
The jackal is heavily wounded.
You closely miss the jackal. Your grab misses the jackal.
Your squeeze misses the jackal. The jackal bites you. x2
You barely miss the jackal. Your grab misses the jackal.
The jackal barely misses you. The jackal closely misses you.
The jackal bites you but does no damage.
The jackal closely misses you.
You tentacle-slap the jackal. Your grab misses the jackal.
The jackal is almost dead.
The jackal barely misses you. The jackal bites you.
You tentacle-slap the jackal. Your grab misses the jackal.
Your squeeze misses the jackal.
The jackal is severely wounded.
The jackal bites you. x2
You closely miss the jackal. You grab the jackal. You squeeze the jackal.
You kill the jackal!
The jackal closely misses you. The jackal bites you.
Your Fighting skill increases to level 2!
The jackal closely misses you.
You tentacle-slap the jackal but do no damage.
Your grab misses the jackal. Your squeeze misses the jackal.
The jackal is severely wounded.
The jackal bites you. The goblin barely misses you.
The jackal barely misses you.
You closely miss the jackal. Your grab misses the jackal.
The jackal is severely wounded.
The goblin hits you with a +0 club.
* * * LOW HITPOINT WARNING * * *
The jackal bites you.
* * * LOW HITPOINT WARNING * * *
You tentacle-slap the jackal. Your grab misses the jackal.
The jackal is almost dead.
The jackal bites you.
You die...

#.......... #####......####
#..........####
#..............
#............##
#............#.
#############............#.
#[......#................#.
........#h@...#...........#
........†g.............>..'
........##############....#
........# #..... #.......#
#..... #.......# #...#.
######### #...#. #...#.
#...#.


You could see a jackal and a goblin.

Vanquished Creatures
  A dart slug (D:1)
  3 ball pythons (D:1)
  A bat (D:1)
  3 endoplasms (D:1)
  4 hobgoblins (D:1)
  2 jackals (D:1)
  A quokka (D:1)
  A frilled lizard (D:1)
  3 goblins (D:1)
  3 kobolds (D:1)
  2 rats (D:1)
24 creatures vanquished.

Notes
Turn   | Place    | Note
-------+----------+-------------------------------------------
     0 | D:1      | H0rd4k the Octopode Artificer began the quest for the Orb.
     0 | D:1      | Reached XP level 1. HP: 13/13 MP: 1/1
   550 | D:1      | Reached XP level 2. HP: 18/18 MP: 3/3
   597 | D:1      | Reached skill level 1 in Spellcasting
  1184 | D:1      | Reached XP level 3. HP: 24/24 MP: 4/4
  1314 | D:1      | Reached skill level 1 in Unarmed Combat
  1329 | D:1      | Slain by a jackal

Illustrated notes

Levels and vault maps discovered:
D:1:      lightli_iron_boxes, layout_basic

Skill      XL: |  1  2  3 |
---------------+----------+-----
Spellcasting   | 1 |  1.4
Unarmed Combat | 1 |  1.0
Fighting       | 2 |  2.0
Dodging        | |  2.3
Stealth        | |  1.3
Evocations     | |  3.2

Action                   || total
-------------------------++-------
Melee: Unarmed           ||    59
       Constrict         ||    20
       Tentacles         ||    19
 Stab: Sleeping          ||     4
Armor: Skin              ||     3
Dodge: Dodged            ||    38
